 Dungeon Crawl Stone Soup version 0.28-b1-1-g3c77fb2ed1 (webtiles) character file.

Game seed: 13206806370657724369

2 cbfl8 the Sneak (level 1, -1/19 HPs)
             Began as a Minotaur Delver on Jan 28, 2022.
             Slain by a scorpion (3 damage)
             ... on level 5 of the Dungeon.
             The game lasted 00:00:11 (45 turns).

cbfl8 the Sneak (Minotaur Delver)                     Turns: 45, Time: 00:00:12

Health: -1/19      AC:  3    Str: 16    XL:     1   Next: 25%
Magic:  0/0        EV: 11    Int:  7    God:
Gold:   16         SH:  0    Dex: 11    Spells: 0/0 levels left

rFire   . . .      SeeInvis .   a - +0 hand axe
rCold   . . .      Faith    .   (no shield)
rNeg    . . .      Spirit   .   b - +0 leather armour
rPois   .          Reflect  .   (helmet restricted)
rElec   .          Harm     .   (no cloak)
rCorr   .          Rampage  .   (no gloves)
Will    .....                   (no boots)
Stlth   ++........              (no amulet)
HPRegen 0.06/turn               (no ring)
MPRegen 0.07/turn               (no ring)

@: no status effects
A: horns 2, retaliatory headbutt
a: no special abilities


You were on level 5 of the Dungeon.
You visited 1 branch of the dungeon, and saw 1 of its levels.

You collected 16 gold pieces.

Inventory:

Hand Weapons
 a - a +0 hand axe (weapon)
Armour
 b - a +0 leather armour (worn)
Wands
 g - a wand of digging (3)
Scrolls
 c - a scroll of fog
 d - a scroll of magic mapping
 e - a scroll of fear
Potions
 f - a potion of haste


   Skills:
 + Level 3.6 Fighting
 + Level 2.4 Axes
 + Level 2.2 Dodging
 + Level 4.2 Stealth


You couldn't memorise any spells.
You didn't know any spells.
Your spell library was empty.

Dungeon Overview and Level Annotations

Branches:
Dungeon (5/15)
 Temple: D:4-7

Altars:


Innate Abilities, Weirdness & Mutations

You have a pair of horns on your head.
You reflexively headbutt those who attack you in melee.


Message History

There is an entrance to a sewer on this level.
Hurry and find it before the portal rusts away!
Welcome, cbfl8 the Minotaur Delver.
Everyone else who sought the Orb of Zot has failed.
Will you be different?
Press ? for a list of commands and other information.
Found 16 gold pieces and a morningstar.
Found a stone staircase leading down.
You now have 16 gold pieces.
You see here a +0 morningstar.
A scorpion comes into view. 2 orcs come into view.
An orc comes into view. It is wielding a +0 short sword.
Found a stone staircase leading up.
You hit the orc. You headbutt the orc. Your punch misses the orc.
The orc is moderately wounded.
The orc barely misses you.
You slash the orc!
You kill the orc!
Things that are here:
a +0 flail; an orc corpse The orc shouts!
You hear a shout! x3
Things that are here:
a +0 flail; an orc corpse You hit the scorpion.
The scorpion is lightly wounded.
The scorpion stings you.
You barely miss the scorpion. Your headbutt misses the scorpion.
The scorpion is lightly wounded.
The scorpion misses you. The scorpion barely misses you.
You barely miss the scorpion.
The scorpion is lightly wounded.
The scorpion stings you.
You hit the scorpion but do no damage. The scorpion stings you.
* * * LOW HITPOINT WARNING * * *
You hit the scorpion. Your headbutt misses the scorpion.
The scorpion is moderately wounded.
The scorpion barely misses you. The scorpion closely misses you.
You furiously retaliate!
You headbutt the scorpion. You hit the scorpion but do no damage.
Your headbutt misses the scorpion.
The scorpion is severely wounded.
The scorpion stings you.
You die...

##.### #.... ##
#..# o< #>.# # #.
#..# #.###.###
#..# #.......#
#..#
#......#######..#
#..........)os@)#
#..........###.##
##...#.###.....#
##...#. #######
#..# # .... ###


You could see a scorpion and an orc.

Vanquished Creatures
  An orc (D:5)
1 creature vanquished.

Notes
Turn   | Place    | Note
-------+----------+-------------------------------------------
     0 | D:5      | cbfl8 the Minotaur Delver began the quest for the Orb.
     0 | D:5      | Reached XP level 1. HP: 19/19 MP: 0/0
    12 | D:5      | Noticed a scorpion
    45 | D:5      | Slain by a scorpion

Illustrated notes

Levels and vault maps discovered:
D:5:      layout_loops_ring, gup_sewer_entry_bubbles, roderic_roman_lattice,
          minmay_statues_item

Action                   || total
-------------------------++-------
Melee: Hand axe          ||     8
       Headbutt          ||     1
Dodge: Dodged            ||     5
